 Dungeon Crawl Stone Soup version 0.26.1-11-gd32895ea62 (webtiles) character file.

Game seed: 8876804530216029315

629 Almogavar the Conjurer (level 7, -2/52 HPs)
             Began as a White Draconian Conjurer on May 15, 2021.
             Shot with an arrow by a centaur (5 damage)
             ... on level 5 of the Dungeon.
             The game lasted 00:19:38 (5621 turns).

Almogavar the Conjurer (White Draconian Conjurer)   Turns: 5621, Time: 00:19:40

Health: -2/52      AC:  7    Str: 16    XL:     7   Next: 23%
Magic:  8/14       EV: 13    Int: 20    God:
Gold:   290        SH:  0    Dex: 15    Spells: 12/15 levels left

rFire    . . .     SeeInvis .   e - +1 dagger (speed)
rCold    + . .     Faith    .   (no shield)
rNeg     . . .     Spirit   .   (armour unavailable)
rPois    .         Reflect  .   (helmet restricted)
rElec    .         Harm     .   o - +0 cloak
rCorr    .         Rampage  .   (no gloves)
Will     .....                  (no boots)
Stlth    ++........             (no amulet)
HPRegen  0.17/turn              c - +6 ring of strength
MPRegen  0.14/turn              i - +6 ring of dexterity

@: no status effects
A: breathe frost, unfitting armour, cold resistance 1, cold-blooded, AC +6
a: Breathe Frost


You were on level 5 of the Dungeon.
You visited 1 branch of the dungeon, and saw 5 of its levels.

You collected 290 gold pieces.

Inventory:

Hand Weapons
 e - a +1 dagger of speed (weapon)
Armour
 a - a cursed +0 buckler
 o - a +0 cloak (worn)
Jewellery
 c - a +6 ring of strength (left hand)
 i - a +6 ring of dexterity (right hand)
Scrolls
 d - a scroll of enchant weapon
 f - 3 scrolls of enchant armour
 g - 2 scrolls of remove curse
 l - 4 scrolls of teleportation
 p - a scroll of random uselessness {unknown}
 q - a scroll of fog {unknown}
 s - a scroll of fear {unknown}
Potions
 b - a potion of curing
 h - a potion of haste
 j - a potion of invisibility {unknown}
 k - a potion of ambrosia {unknown}
 m - a potion of resistance {unknown}
 n - 2 potions of mutation {unknown}
 r - a potion of berserk rage {unknown}


   Skills:
 + Level 1.5 Fighting
 + Level 2.3 Dodging
 + Level 3.0 Stealth
 + Level 4.9 Spellcasting
 + Level 6.3 Conjurations


You had 12 spell levels left.
You knew the following spells:

 Your Spells              Type           Power        Failure   Level
a - Magic Dart            Conj           100%         1%          1
b - Searing Ray           Conj           60%          1%          2

Your spell library contained the following spells:

 Spells                   Type           Power        Failure   Level
 Dazzling Flash           Conj/Hex       34%          10%         3
 Fulminant Prism          Conj/Hex       8%           32%         4
 Iskenderun's Mystic Bla  Conj/Tloc      17%          32%         4


Dungeon Overview and Level Annotations

Branches:
Dungeon (5/15)
 Temple: D:4-7

Altars:


Innate Abilities, Weirdness & Mutations

You can breathe waves of freezing cold.
You can buffet flying creatures when you breathe cold.
Your icy white scales are hard. (AC +6)
You cannot fit into any form of body armour.
Your flesh is cold resistant. (rC+)
You are cold-blooded and may be slowed by cold attacks.


Message History

The searing ray hits the centaur!
The centaur is heavily wounded.
The centaur shoots an arrow.
The arrow barely misses you.
The searing ray hits the centaur!
The centaur is almost dead.
You finish channeling your searing ray.
The centaur shoots an arrow.
The arrow barely misses you.
The centaur shoots an arrow.
The arrow hits you.
* * * LOW HITPOINT WARNING * * *
You feel better.
The centaur shoots an arrow.
The arrow hits you!
* * * LOW HITPOINT WARNING * * *
The centaur shoots an arrow.
The arrow hits you but does no damage.
Casting: Searing Ray (safe; 1% risk of failure)
Confirm with . or Enter, or press ? or * to list all spells.
Aiming: Magic Dart (safe; 1% risk of failure)
Press: ? - help, Shift-Dir - straight line, f/p - centaur
Aim: a centaur, wielding a +0 shortbow and quivering 12 arrows (almost dead, 0% to evade)
The magic dart hits the centaur.
The centaur is almost dead.
The centaur shoots an arrow.
The arrow hits you.
You die...

###.#.#.#
##.##.#
###...#.###
#..........
#.#...#....
#.##.##.....
#.##.# .###.
#(##.##
#@#...#.#
#(.c.....
###c..#.#
#.## .# #


You could see 2 centaurs.

Vanquished Creatures
  2 phantoms (D:5)
  A howler monkey (D:3)
  2 hounds (D:4)
  2 orc priests (D:4)
  2 orc wizards (D:4)
  A worker ant (D:4)
  Robin (D:3)
  3 gnolls (D:3)
  3 adders
  3 worms
  5 dart slugs
  A leopard gecko (D:3)
  13 orcs
  2 ball pythons
  5 giant cockroaches
  16 goblins
  12 hobgoblins
  3 jackals (D:1)
  A quokka (D:4)
  17 bats
  4 frilled lizards
  10 kobolds
  A quokka skeleton (D:4)
  7 rats
117 creatures vanquished.

Notes
Turn   | Place    | Note
-------+----------+-------------------------------------------
     0 | D:1      | Almogavar the Draconian Conjurer began the quest for the
                  | Orb.
     0 | D:1      | Reached XP level 1. HP: 14/14 MP: 3/3
   305 | D:1      | Reached XP level 2. HP: 20/20 MP: 1/5
   353 | D:1      | Learned a level 2 spell: Searing Ray
  1067 | D:1      | Reached XP level 3. HP: 26/26 MP: 3/6
  2626 | D:2      | Reached XP level 4. HP: 33/33 MP: 0/7
  2903 | D:3      | Reached skill level 5 in Conjurations
  3365 | D:3      | Noticed Robin
  3372 | D:3      | Killed Robin
  3500 | D:3      | Reached XP level 5. HP: 38/38 MP: 6/9
  4180 | D:4      | Found a glowing drain.
  4209 | D:4      | Reached XP level 6. HP: 45/45 MP: 1/11
  4226 | D:4      | Reached skill level 1 in Fighting
  4702 | D:4      | Reached skill level 6 in Conjurations
  5373 | D:5      | Entered Level 5 of the Dungeon
  5454 | D:5      | Your scales start taking on an icy white colour.
  5454 | D:5      | Reached XP level 7. HP: 42/52 MP: 3/14
  5454 | D:5      | Gained mutation: Your flesh is cold resistant. (rC+) [White
                  | Draconian growth]
  5620 | D:5      | HP: 2/52 [centaur/arrow (9)]
  5621 | D:5      | Shot with an arrow by a centaur

Illustrated notes

Levels and vault maps discovered:
D:1:      dpeg_arrival_rooms_c, layout_loops_corners, st_stairs_10
D:2:      layout_loops_cross
D:3:      layout_rooms, minmay_diced_spiral, uniq_robin
D:4:      cheibrodos_pilgrimage, layout_loops_ring, portal_sewer_entry_d
D:5:      layout_loops_ring, uniq_edmund

Skill      XL: |  1  2  3  4  5  6  7 |
---------------+----------------------+-----
Dodging        | 2 |  2.3
Stealth        | 2 3 |  3.0
Conjurations   | 5 6 |  6.3
Spellcasting   | 3 4 |  4.9
Fighting       | 1 |  1.5

Action                   |  1- 3 |  4- 6 |  7- 9 || total
-------------------------+-------+-------+-------++-------
Melee: Unarmed           |    18 |       |       ||    18
       Dagger            |    33 |    62 |     4 ||    99
       Tailslap          |     6 |     6 |     1 ||    13
 Cast: Magic Dart        |    80 |    80 |     5 ||   165
       Searing Ray       |     5 |    20 |     1 ||    26
 Abil: Breathe Frost     |       |       |     1 ||     1
  Use: Scroll            |       |     8 |       ||     8
       Potion            |       |       |     1 ||     1
Armor: Skin              |    27 |    14 |     2 ||    43
Dodge: Dodged            |    33 |    31 |     5 ||    69
